 Dungeon Crawl Stone Soup version 0.23.2 (webtiles) character file.

Game seed: 5777785489416131740

21 Borgoz the Cutter (level 2, 0/25 HPs)
             Began as a Ghoul Gladiator on Apr 3, 2019.
             Slain by an adder (4 damage)
             ... on level 2 of the Dungeon.
             The game lasted 00:01:09 (869 turns).

Borgoz the Cutter (Ghoul Gladiator)                  Turns: 869, Time: 00:01:10

Health: 0/25       AC:  6    Str: 17    XL:     2   Next: 87%
Magic:  1/1        EV: 11    Int:  3    God:
Gold:   129        SH:  0    Dex: 10    Spells: 1/1 levels left

rFire    . . .     SeeInvis .   a - +0 rapier
rCold    + . .     Gourm    .   (no shield)
rNeg     + + +     Faith    .   e - +0 ring mail
rPois    ∞         Spirit   .   c - +0 helmet
rElec    .         Reflect  .   (no cloak)
rCorr    .         Harm     .   (no gloves)
MR       .....                  (no boots)
Stlth    +.........             (no amulet)
HPRegen  0.00/turn              (no ring)
MPRegen  0.07/turn              (no ring)

@: rotting
A: rotting body, claws 1, carnivore, cold resistance 1, negative energy
resistance 3, inhibited regeneration, torment resistance, unbreathing
a: no special abilities


You were on level 2 of the Dungeon.
You were not hungry.

You visited 1 branch of the dungeon, and saw 2 of its levels.

You collected 129 gold pieces.

Inventory:

Hand Weapons
 a - a +0 rapier (weapon)
Missiles
 d - 3 throwing nets (quivered)
 i - 8 tomahawks
Armour
 c - a +0 helmet (worn)
 e - a +0 ring mail (worn)
Scrolls
 b - a scroll of enchant armour {unknown}
 h - a scroll of noise {unknown}
 j - a scroll of identify {unknown}
 k - a scroll of remove curse {unknown}
 l - a scroll of fear {unknown}
Comestibles
 f - a ration
 g - 2 chunks of flesh


   Skills:
 + Level 2.3 Fighting
 * Level 3.0 Short Blades
 - Level 1.7 Throwing
 * Level 0.8 Armour
 * Level 2.9 Dodging
 + Level 0.9 Stealth


You had one spell level left.
You didn't know any spells.
Your spell library was empty.

Dungeon Overview and Level Annotations

Branches:
Dungeon (2/15)

Altars:


Innate Abilities, Weirdness & Mutations

Your body is rotting away.
You thrive on raw meat.
You are immune to poison.
You have sharp fingernails.
You are carnivorous and can eat meat at any time.
Your flesh is cold resistant. (rC+)
You are immune to negative energy. (rN+++)
You do not regenerate when monsters are visible.
You are immune to unholy pain and torment.
You can survive without breathing.


Message History

The adder closely misses you.
You open the door. The adder closely misses you. The kobold barely misses you.
The adder closely misses you.
Found a scroll labeled JEOSABEOMUN.
There is an open door here.
You closely miss the adder.
The adder is heavily wounded.
The adder bites you.
* * * LOW HITPOINT WARNING * * *
You hit the adder.
The adder is almost dead.
The adder closely misses you. The adder bites you but does no damage.
You aren't carrying any potions.
You closely miss the adder.
The adder is almost dead.
The adder closely misses you.
You closely miss the adder.
The adder is almost dead.
The adder bites you.
You die...

........### ..#
............ ..#.
...........# ..#.
.?......†..# ....
..........### ######....
............# #.........
#...!......###.....# #.
#....r##?..........##..
#.....@SK..............
#.....###......#.......
..#+#+##........+.......
..........#.......
..#.............#.# .
#...##.#.#.......
####...#.........
#.....<.......
######..##.....


You could see an adder, a kobold and a rat.

Vanquished Creatures
  2 leopard geckos (D:1)
  4 bats (D:1)
  2 giant cockroaches (D:2)
  3 goblins (D:1)
  A hobgoblin (D:1)
  3 kobolds (D:1)
  5 rats
20 creatures vanquished.

Notes
Turn   | Place    | Note
-------+----------+-------------------------------------------
     0 | D:1      | Borgoz the Ghoul Gladiator began the quest for the Orb.
     0 | D:1      | Reached XP level 1. HP: 17/17 MP: 0/0
   239 | D:1      | Reached XP level 2. HP: 22/23 MP: 1/1
   803 | D:2      | Reached skill level 3 in Short Blades
   869 | D:2      | Slain by an adder

Skill      XL: |  1  2 |
---------------+-------+-----
Short Blades   | 3 |  3.0
Fighting       | |  2.3
Throwing       | |  1.7
Armour         | |  0.8
Dodging        | |  2.9
Stealth        | |  0.9

Action                   || total
-------------------------++-------
Melee: Rapier            ||    63
  Use: Potion            ||     2
  Eat: Chunk             ||     1
Armor: Leather armour    ||    10
       Ring mail         ||    17
Dodge: Dodged            ||    56
